AoeStats
← ektum_inside

Arena

510283659Analyzed
4v4 RM · 18h ago on Sep 30, 2026· 46m 16s· 8 players
Game mode
Random Map
Map size
Large (8 player)
Population
200
Speed
Normal
Resources
Standard
Victory
Conquest
Starting age
Dark Age
Ending age
Imperial Age
RankedLock teamsTeams togetherTeam positionsShared explorationLock speedFull tech treeHidden civsTurbo modeCheats
Victory
Defeat
🇸🇪 Bohemians · Sweden
1016
+17
🇨🇳 Armenians · China
962
+20
🇨🇳 Mongols · China
961
+20
🇫🇷 Khmer · France
917
+21
🇮🇳 Spanish · India
1068
-21
🇬🇧 Hindustanis · United Kingdom
1058
-20
🇪🇸 Japanese · Spain
1024
-19
🇹🇼 Slavs · Taiwan
1015
-18
monkeyken7414
10:14 Feudal Age
11:26 Loom
15:25 Castle Age
13:44 Double-Bit Axe
14:06 Horse Collar
16:24 Bow Saw
21:15 Heavy Plow
22:18 Wheelbarrow
24:11 Stone Mining
25:24 Gold Mining
25:32 Pikeman
26:13 Squires
26:15 Scale Mail Armor
26:25 Forging
31:59 Imperial Age
29:35 Fletching
30:00 Chain Mail Armor
30:28 Gold Shaft Mining
31:01 Iron Casting
31:36 Bodkin Arrow
33:47 Halberdier
34:59 Plate Mail Armor
35:29 Blast Furnace
35:03 Crop Rotation
35:36 Two-Man Saw
36:03 Chemistry
35:44 Hand Cart
36:44 Scale Barding Armor
Rey_Pablium
12:08 Feudal Age
10:51 Loom
16:03 Castle Age
13:53 Horse Collar
15:11 Double-Bit Axe
20:02 Bow Saw
27:46 Forging
27:37 Scale Mail Armor
28:51 Heavy Plow
29:36 Fletching
32:16 Wheelbarrow
35:03 Imperial Age
37:17 Bodkin Arrow
38:59 Bracer
38:26 Pikeman
41:45 Iron Casting
41:37 Squires
42:51 Chain Mail Armor
43:16 Thumb Ring
43:19 Elite Skirmisher
44:01 Padded Archer Armor
ektum_inside
0:32 Loom
10:26 Feudal Age
10:56 Double-Bit Axe
11:22 Town Watch
19:35 Castle Age
18:40 Stone Mining
18:42 Gold Mining
18:34 Horse Collar
18:51 Gold Mining
26:32 Wheelbarrow
30:58 Imperial Age
29:47 Stone Shaft Mining
30:38 Bow Saw
30:30 Heavy Plow
30:25 Fletching
30:36 Padded Archer Armor
31:40 Bloodlines
32:26 Hand Cart
32:42 Conscription
34:06 Chemistry
33:31 Bodkin Arrow
33:52 Leather Archer Armor
34:38 Leather Archer Armor
37:18 Two-Man Saw
37:22 Hoardings
37:00 Elite Conquistador
37:13 Light Cavalry
37:53 Husbandry
39:53 Ballistics
41:24 Masonry
42:03 Murder Holes
42:39 Architecture
43:17 Bracer
43:28 Husbandry
42:48 Hussar
44:17 Scale Barding Armor
44:43 Ring Archer Armor
44:23 Forging
Lamlam
10:46 Feudal Age
11:54 Double-Bit Axe
14:43 Castle Age
13:26 Horse Collar
15:24 Wheelbarrow
16:18 Bow Saw
17:25 Heavy Plow
20:58 Stone Mining
21:49 Gold Mining
23:22 Light Cavalry
25:09 Bloodlines
26:18 Hand Cart
27:05 Gold Shaft Mining
26:22 Loom
28:00 Town Watch
31:47 Imperial Age
30:18 Stone Shaft Mining
30:31 Grand Trunk Road
30:40 Scale Barding Armor
30:36 Padded Archer Armor
30:47 Forging
31:19 Masonry
32:23 Husbandry
33:45 Chemistry
33:05 Ballistics
33:09 Shatagni
33:47 Town Patrol
34:45 Chain Barding Armor
35:00 Iron Casting
34:28 Heavy Camel Rider
37:18 Two-Man Saw
36:55 Conscription
38:39 Siege Engineers
39:15 Plate Barding Armor
40:39 Caravan
44:01 Elite Skirmisher
44:52 Elite Skirmisher
45:50 Leather Archer Armor
45:26 Fletching
46:52 Blast Furnace
Lynx77
10:51 Feudal Age
14:57 Castle Age
12:52 Double-Bit Axe
15:01 Loom
28:10 Bow Saw
34:22 Imperial Age
33:32 Fletching
33:59 Wagenburg Tactics
37:50 Chemistry
37:42 Scale Mail Armor
37:53 Forging
38:50 Pikeman
43:03 Halberdier
44:35 Chain Mail Armor
46:03 Light Cavalry
APC
0:30 Loom
11:31 Feudal Age
12:48 Wheelbarrow
12:03 Double-Bit Axe
12:07 Horse Collar
12:53 Gold Mining
13:49 Town Watch
14:41 Stone Mining
20:09 Castle Age
21:25 Hand Cart
21:10 Town Patrol
21:48 Gold Shaft Mining
21:27 Town Patrol
21:40 Bow Saw
22:08 Stone Shaft Mining
22:29 Hand Cart
28:04 Heavy Plow
33:50 Imperial Age
32:36 Ballistics
34:08 Heavy Scorpion
35:02 Siege Engineers
35:00 Double Crossbow
POP MART
11:01 Feudal Age
11:30 Double-Bit Axe
16:19 Castle Age
14:08 Horse Collar
14:28 Man-at-Arms
17:10 Bow Saw
17:07 Heavy Plow
18:36 Loom
21:18 Town Watch
21:39 Pikeman
23:55 Gold Mining
24:48 Long Swordsman
26:12 Wheelbarrow
29:31 Gold Shaft Mining
28:47 Stone Mining
29:16 Scale Mail Armor
29:27 Forging
33:03 Imperial Age
30:53 Hand Cart
31:09 Treadmill Crane
32:06 Iron Casting
31:47 Chain Mail Armor
31:19 Two-Handed Swordsman
31:22 Halberdier
32:03 Squires
31:50 Gambesons
32:19 Arson
32:34 Champion
34:06 Conscription
33:58 Devotion
33:53 Herbal Medicine
34:29 Fereters
35:27 Plate Mail Armor
38:42 Blast Furnace
37:34 Fletching
40:00 Guilds
41:51 Fortified Wall
41:53 Masonry
812508893
10:09 Feudal Age
10:57 Double-Bit Axe
14:20 Castle Age
12:40 Horse Collar
15:52 Bow Saw
15:45 Heavy Plow
22:08 Wheelbarrow
23:23 Hand Cart
24:05 Gold Mining
26:16 Gold Shaft Mining
25:32 Stone Mining
30:09 Imperial Age
29:47 Thumb Ring
29:35 Fletching
29:56 Forging
30:02 Husbandry
30:13 Bloodlines
30:10 Loom
30:10 Town Watch
30:36 Caravan
31:29 Stone Shaft Mining
30:51 Bodkin Arrow
32:06 Chemistry
31:27 Ballistics
31:34 Parthian Tactics
30:37 Elite Steppe Lancer
31:52 Conscription
33:02 Scale Barding Armor
33:44 Elite Mangudai
33:50 Elite Mangudai
34:35 Nomads
37:28 Bracer
37:30 Padded Archer Armor
38:06 Iron Casting
37:52 Chain Barding Armor
38:36 Heavy Camel Rider
42:22 Iron Casting
42:03 Leather Archer Armor
41:48 Scale Mail Armor
Connection lost

Rejoining the realm…

Still unreachable

The connection could not be restored.

Session expired

The server has moved on; the page needs a fresh start.